 Dungeon Crawl Stone Soup version 0.30-a0-920-g7493c07aab (webtiles) character file.

Game seed: 4757272392030585808

1121 Dirtsage the Cleaver (level 8, -6/87 HPs)
             Began as a Demonspawn Berserker on Mar 21, 2023.
             Was a Priest of Trog.
             Mangled by an acid dragon (11 damage)
             ... on level 6 of the Dungeon.
             The game lasted 00:11:00 (4228 turns).

Dirtsage the Cleaver (Demonspawn Berserker)         Turns: 4228, Time: 00:11:01

Health: -6/87      AC:  5    Str: 20    XL:     8   Next: 12%
Magic:  8/8        EV: 10    Int:  8    God:    Trog [***...]
Gold:   134        SH:  5    Dex: 13    Spells: 7/7 levels left

rFire   . . .      SeeInvis .    g - +0 battleaxe
rCold   . . .      Faith    .    (shield currently unavailable)
rNeg    + . .      Spirit   .    r - +0 scale mail
rPois   .          Reflect  +    (no helmet)
rElec   .          Rampage  .    (no cloak)
rCorr   .                        b - +0 pair of gloves
Will    .....                    (no boots) Stlth
                                 j - amulet of reflection
HPRegen 0.34/turn                N - ring of positive energy
MPRegen 0.11/turn                (no ring)

@: berserking (expiring), corroded, very quick
A: hooves 1, yellow scales 1, spiny 2
a: Renounce Religion, Berserk, Trog's Hand


You were on level 6 of the Dungeon.
You worshipped Trog.
Trog was most pleased with you.
You visited 2 branches of the dungeon, and saw 7 of its levels.

You collected 199 gold pieces.
You spent 65 gold pieces at shops.

Inventory:

Hand Weapons
 a - a +0 hand axe
 g - a +0 battleaxe (weapon)
 w - the +6 flail "Oxuac Neuthru" {heavy, rElec}
   (You found it on level 5 of the Dungeon)

   rElec:     It insulates you from electricity.
Armour
 b - a +0 pair of gloves (worn)
 r - a +0 scale mail (worn)
Jewellery
 j - an amulet of reflection (around neck)
 l - a ring of fire
 N - a ring of positive energy (left hand)
Scrolls
 h - 3 scrolls of poison
 i - 2 scrolls of identify
 k - a scroll of enchant armour
 p - a scroll of torment
 q - 2 scrolls of immolation
 t - 2 scrolls of teleportation
 u - 2 scrolls of vulnerability {unknown}
 x - a scroll of amnesia {unknown}
Potions
 c - a potion of ambrosia
 d - 2 potions of might
 e - a potion of mutation {unknown}
 f - a potion of berserk rage
 m - a potion of brilliance
 n - a potion of resistance
 o - 2 potions of attraction
 s - a potion of curing {unknown}
 v - a potion of lignification {unknown}


   Skills:
 - Level 3.0 Fighting
 + Level 9.3 Axes
 - Level 1.7 Armour
 - Level 1.7 Dodging


You had 7 spell levels left.
You didn't know any spells.
Your spell library contained the following spells:

 Spells                   Type           Power      Damage    Failure   Level
 Necrotise                Necr           0%         1d4       77%         1
 Slow                     Hex            0%         N/A       77%         1
 Confusing Touch          Hex            0%         N/A       98%         3
 Frozen Ramparts          Ice            0%         1d1       98%         3
 Vampiric Draining        Necr           0%         2d6       98%         3
 Ice Form                 Ice/Tmut       0%         N/A       100%        4
 Summon Ice Beast         Ice/Summ       0%         N/A       100%        4
 Agony                    Necr           0%         N/A       100%        5
 Freezing Cloud           Conj/Ice/Air   0%         6-21      100%        5
 Simulacrum               Ice/Necr       0%         N/A       100%        6
 Polar Vortex             Ice            0%         N/A       100%        9


Dungeon Overview and Level Annotations

Branches:
Dungeon (6/15)             Temple (1/1) D:4

Altars:
Ashenzari
Cheibriados
Dithmenos
Gozag
Hepliaklqana
Kikubaaqudgha
Makhleb
Nemelex Xobeh
Okawaru
Qazlal
Ru
Sif Muna
Trog
Uskayaw
Vehumet
Wu Jian
Yredelemnul

Shops:
D:5 **


Innate Abilities, Weirdness & Mutations

You have large cloven feet.
You are partially covered in yellow scales. (AC +2)
You are mostly covered in sharp spines.


Message History

The white imp gestures at you.
The puff of frost reflects off an invisible shield around you!
The puff of frost hits the white imp.
The white imp resists.
The white imp hits you. The white imp freezes you.
Things that are here:
a +0 hand axe; an orc corpse You take 6 damage, and have 62/87 hp.
You barely miss the white imp. Your kick misses the white imp.
The white imp is lightly wounded.
The white imp hits you but does no damage.
You slice the white imp!!
You feel the power of Trog in you as your rage grows.
You kill the white imp!
Trog accepts your kill. The acid dragon spits acid at you.
The splash of acid hits you!! The acid corrodes you!
You take 20 damage, and have 42/87 hp.
MASSIVE DAMAGE!!
You are too injured to fight recklessly!
You are too injured to fight recklessly!
You slice the acid dragon!!
The acid dragon is severely wounded.
You block the acid dragon's attack.
The acid dragon claws you but does no damage.
You completely miss the acid dragon.
The acid dragon is severely wounded.
You slash the jelly!
Your hands burn!
The jelly is struck by your spines. The jelly hits you.
You are splashed with acid!
* * * LOW HITPOINT WARNING * * *
The acid dragon spits acid at you. The splash of acid hits you!!
* * * LOW HITPOINT WARNING * * *
You take 37 damage, and have 5/87 hp.
MASSIVE DAMAGE!!
You closely miss the acid dragon.
The acid dragon is severely wounded.
You slash the jelly!
You kill the jelly!
Trog accepts your kill.
The acid dragon is struck by your spines.
The acid dragon bites you!
You die...

#.# #..##...## #.#
#.#.....:## #.#
#.........# .# #.#
#....#...# .# #.#
#..[.... ..# ####.#
#?.....##.# #....#
###.....D#..# #.####
.......@#...# #.#
####.##.))..# #.#
#.....#.## ##.##
#####...# ##.#.###
#######.########.##...#
.......).......##......
........######.##._..._
........# #.#.......
.######.# #.#._..8..


You could see an acid dragon.

Vanquished Creatures
  2 black bears (D:5)
  2 ogres
  A centaur (D:3)
  2 phantoms
  A scorpion (D:5)
  A howler monkey (D:6)
  2 hounds (D:5)
  3 jellies
  3 orc priests (D:5)
  A sleepcap (D:6)
  An iguana (D:5)
  An orc wizard (D:5)
  6 adders (D:5)
  A white imp (D:6)
  An ufetubus (D:4)
  A worm (D:4)
  4 dart slugs
  8 orcs
  A bat (D:3)
  3 endoplasms
  7 giant cockroaches
  7 goblins
  10 hobgoblins
  3 quokkas
  9 ball pythons
  4 frilled lizards
  8 kobolds
  A rat (D:2)
  A butterfly (D:1)
95 creatures vanquished.

Vanquished Creatures (others)
  A plant (D:1)
1 creature vanquished.

Grand Total: 96 creatures vanquished

Notes
Turn   | Place    | Note
-------+----------+-------------------------------------------
     0 | D:1      | Dirtsage the Demonspawn Berserker began the quest for the
                  | Orb.
     0 | D:1      | Reached XP level 1. HP: 18/18 MP: 1/1
   149 | D:1      | Reached skill level 3 in Axes
   209 | D:1      | Gained mutation: You have large cloven feet. [demonic
                  | ancestry]
   209 | D:1      | Reached XP level 2. HP: 22/24 MP: 2/2
   630 | D:1      | Gained mutation: You are partially covered in sharp spines.
                  | [demonic ancestry]
   630 | D:1      | Reached XP level 3. HP: 29/29 MP: 3/3
   964 | D:2      | Noticed a phantom
   972 | D:2      | Killed a phantom
   973 | D:2      | Reached skill level 4 in Axes
   973 | D:2      | Reached XP level 4. HP: 35/35 MP: 4/4
  1086 | D:2      | Found a hazy altar of Hepliaklqana.
  1399 | D:2      | Reached skill level 5 in Axes
  1554 | D:3      | Reached ** piety under Trog
  1570 | D:3      | Noticed a centaur
  1936 | D:3      | Killed a centaur
  1937 | D:3      | Gained mutation: You are partially covered in yellow
                  | scales. (AC +2) [demonic ancestry]
  1937 | D:3      | Reached XP level 5. HP: 20/41 MP: 5/5
  2358 | D:4      | Found a staircase to the Ecumenical Temple.
  2368 | Temple   | Entered the Ecumenical Temple
  2622 | D:4      | Reached skill level 6 in Axes
  2675 | D:4      | Noticed an ogre
  2681 | D:4      | Killed an ogre
  2682 | D:4      | Reached XP level 6. HP: 47/47 MP: 6/6
  2841 | D:5      | Entered Level 5 of the Dungeon
  2913 | D:5      | Found Ziclaeg's Specific Store.
  2914 | D:5      | Found Udycsu's General Store.
  2927 | D:5      | Reached skill level 7 in Axes
  2938 | D:5      | Bought a scroll of teleportation for 39 gold pieces
  2938 | D:5      | Bought a scroll of identify for 26 gold pieces
  3089 | D:5      | Gained mutation: You are mostly covered in sharp spines.
                  | [demonic ancestry]
  3089 | D:5      | Reached XP level 7. HP: 51/52 MP: 7/7
  3135 | D:5      | Reached skill level 8 in Axes
  3332 | D:5      | Identified the +6 flail "Oxuac Neuthru" {heavy, rElec}
  3512 | D:5      | Reached *** piety under Trog
  4075 | D:6      | Reached skill level 9 in Axes
  4075 | D:6      | Reached XP level 8. HP: 58/58 MP: 8/8
  4134 | D:6      | Found an opulent altar of Gozag.
  4136 | D:6      | Found a stormy altar of Qazlal.
  4136 | D:6      | Found an ornate altar of the Wu Jian Council.
  4137 | D:6      | Found a radiant altar of Vehumet.
  4228 | D:6      | Mangled by an acid dragon

Illustrated notes

Levels and vault maps discovered:
D:1:      spicycebolla_arrival_clurvy, layout_loops_ring
D:2:      layout_basic, basic_altar, minmay_misc_feat_columns
D:3:      layout_basic, minmay_misc_feat_five
D:4:      layout_basic, minmay_temple_entry_junction, minmay_misc_feat_tiny,
          hex_large, minmay_misc_feat_chi, hangedman_decor_clover_reticule
D:5:      cheibrodos_quashed, layout_gridville, roderic_serpentine_path,
          nicolae_specific_store
D:6:      layout_loops_ring, grunt_temple_overflow_open, st_stairs_4,
          minmay_manual_moon
Temple:   eino_temple_lava

Skill      XL: |  1  2  3  4  5  6  7 |
---------------+----------------------+-----
Axes           | 3 4 5 6 7 9 |  9.3
Fighting       | |  3.0
Armour         | |  1.7
Dodging        | |  1.7

Action                     |  1- 3 |  4- 6 |  7- 9 || total
---------------------------+-------+-------+-------++-------
  Melee: Hand axe          |    57 |    48 |       ||   105
         Kick              |     6 |    22 |     9 ||    37
         Punch             |       |     1 |       ||     1
         Battleaxe         |       |    41 |    49 ||    90
 Invoke: Berserk           |     1 |     2 |     1 ||     4
    Use: Scroll            |       |     9 |     1 ||    10
         Potion            |       |       |     2 ||     2
 Armour: Ring mail         |    12 |    15 |       ||    27
         Scale mail        |       |    19 |    21 ||    40
  Dodge: Dodged            |    34 |    38 |    17 ||    89
  Block: Other             |     6 |    20 |    14 ||    40
         Reflection        |       |     3 |     1 ||     4

Table legend: (Time is in decaauts)
 A = Elapsed time spent in this place.
 B = Non-inter-level travel time spent in this place.
 C = Inter-level travel time spent in this place.
 D = Time resting spent in this place.
 E = Time spent auto-exploring this place.
 F = Levels seen in this place.
 G = Mean time per level.
                   A        B        C        D        E       F      G
               +--------+--------+--------+--------+--------+-----+--------+
         Total |   4299 |   4020 |    279 |    456 |   2961 |   7 |  614.1 |
       Dungeon |   4233 |   3963 |    270 |    456 |   2913 |   6 |  705.5 |
        Temple |     65 |     56 |      9 |      0 |     48 |   1 |   65.0 |
               +--------+--------+--------+--------+--------+-----+--------+

Top non-repeatable levels by time:
     D:5: 1239 daAuts
     D:1: 881 daAuts
     D:2: 790 daAuts
     D:3: 595 daAuts
     D:4: 554 daAuts
     D:6: 172 daAuts
  Temple: 65 daAuts
